 Dungeon Crawl Stone Soup version 0.20.1-2-g1830e616b0 (webtiles) character file.

160 Alfie the Shooter (level 5, -1/41 HPs)
             Began as a Human Hunter on Feb 3, 2020.
             Slain by a goblin (2 damage)
             ... led by Robin
             ... on level 3 of the Dungeon.
             The game lasted 00:07:26 (2032 turns).

Alfie the Shooter (Human Hunter)                    Turns: 2032, Time: 00:07:26

Health: -1/41      AC:  3    Str: 13    XL:     5   Next: 69%
Magic:  5/5        EV: 12    Int: 11    God:
Gold:   181        SH:  0    Dex: 14    Spells: 4/4 levels left

rFire    . . .     SeeInvis .   a - +1 shortbow
rCold    . . .     Gourm    .   (shield currently unavailable)
rNeg     . . .     Faith    .   c - +0 leather armour
rPois    .         Spirit   .   (no helmet)
rElec    .         Reflect  .   (no cloak)
rCorr    .         Harm     .   (no gloves)
MR       .....                  (no boots)
Stlth    ++........             (no amulet)
Regen    0.2/turn               (no ring)
MPRegen  0.1/turn               (no ring)

@: no status effects
A: no striking features
a: no special abilities


You were on level 3 of the Dungeon.
You were not hungry.

You visited 1 branch of the dungeon, and saw 3 of its levels.

You collected 181 gold pieces.

Inventory:

Hand Weapons
 a - a +1 shortbow (weapon)
 b - a +0 short sword
Missiles
 d - 28 arrows (quivered)
 l - 15 poisoned needles
Armour
 c - a +0 leather armour (worn)
 k - a +1 pair of boots
Jewellery
 g - an uncursed amulet of faith
 p - an uncursed amulet of harm
Potions
 e - 3 potions of curing {unknown}
 i - 3 potions of lignification {unknown}
 j - a potion of mutation {unknown}
 m - 2 potions of flight {unknown}
 o - a potion of cancellation {unknown}
Comestibles
 f - a bread ration
 h - 2 fruits


   Skills:
 + Level 3.0 Fighting
 + Level 5.8 Bows
 + Level 1.1 Armour
 + Level 2.0 Dodging
 + Level 1.2 Stealth


You had 4 spell levels left.
You didn't know any spells.

Dungeon Overview and Level Annotations

Branches:
Dungeon (3/15)

Altars:


Message History

Firing (i - inventory):
d - 31 arrows (quivered)
Press: ? - help, Shift-Dir - straight line, f/p - Robin
Aim: Robin, wielding a mace, wearing an animal skin and wearing a shiny helmet (almost dead)
You shoot an arrow. The arrow barely misses Robin.
The goblin barely misses you. Robin hits you with a mace.
* * * LOW HITPOINT WARNING * * *
Firing (i - inventory):
d - 30 arrows (quivered)
Press: ? - help, Shift-Dir - straight line, f/p - Robin
Aim: Robin, wielding a mace, wearing an animal skin and wearing a shiny helmet (almost dead)
You shoot an arrow. The arrow hits Robin.
Robin is almost dead.
The goblin no longer looks unusually strong.
The goblin completely misses you.
Firing (i - inventory):
d - 29 arrows (quivered)
Press: ? - help, Shift-Dir - straight line, f/p - Robin
Aim: Robin, wielding a mace, wearing an animal skin and wearing a shiny helmet (almost dead)
You shoot an arrow. The arrow hits Robin.
You kill Robin!
The goblin hits you.
You die...

.....>...##..####....
..................#.#
....(...###..##### .#
........# #).# ####.#
........# #..# #(.(.#
...####.###..# #.####
.............# #)#
............## #)#
#...###.##### #@#
###.# #.# #g# #.# #.#
#.# #.# #.# #.# #.#
#.# #.# ##.###.# #.#
.......# #.####
#.....###### #....#
####.......###....#


You could see a goblin.

Vanquished Creatures
  Natasha (twice) (D:3)
  Robin (D:3)
  4 adders (D:2)
  An ooze (D:2)
  A worm (D:2)
  A dart slug (D:1)
  A leopard gecko (D:1)
  2 giant cockroaches (D:3)
  9 goblins
  8 hobgoblins
  8 kobolds
  A quokka (D:2)
  7 bats
  3 frilled lizards
  7 rats
56 creatures vanquished.

Notes
Turn   | Place    | Note
-------+----------+-------------------------------------------
     0 | D:1      | Alfie the Human Hunter began the quest for the Orb.
     0 | D:1      | Reached XP level 1. HP: 16/16 MP: 1/1
   106 | D:1      | Reached XP level 2. HP: 19/22 MP: 2/2
   496 | D:1      | Reached XP level 3. HP: 27/27 MP: 3/3
   823 | D:2      | Reached skill level 5 in Bows
   846 | D:2      | Reached XP level 4. HP: 34/34 MP: 4/4
  1775 | D:3      | Noticed Natasha
  1778 | D:3      | Killed Natasha
  1778 | D:3      | Reached XP level 5. HP: 40/40 MP: 5/5
  1796 | D:3      | Noticed Robin
  1935 | D:3      | Noticed Natasha
  1942 | D:3      | Killed Natasha
  1942 | D:3      | Reached skill level 1 in Armour
  2030 | D:3      | HP: 1/41 [Robin/mace (3)]
  2032 | D:3      | Killed Robin
  2032 | D:3      | Slain by a goblin

Skill      XL: |  1  2  3  4  5 |
---------------+----------------+-----
Bows           | 5 |  5.8
Armour         | 1 |  1.1
Fighting       | 3 |  3.0
Dodging        | |  2.0
Stealth        | |  1.2

Action                   |  1- 3 |  4- 6 || total
-------------------------+-------+-------++-------
 Fire: Shortbow          |    60 |   110 ||   170
  Use: Scroll            |     2 |     2 ||     4
  Eat: Royal jelly       |       |     1 ||     1
       Meat ration       |       |     1 ||     1
Armor: Leather armour    |     5 |     7 ||    12
Dodge: Dodged            |     3 |    22 ||    25
